 Adventure DCSS version bcrawl-1.18.1 (webtiles) character file.

Game seed: 3867551850856403336

2034 Leeroy the Slasher (level 9, -2/56 HPs)
             Began as a Skeleton Reaver on Nov 10, 2019.
             Was a Priest of Vehumet.
             Slain by a wolf (4 damage)
             ... led by Grum
             ... on level 8 of the Dungeon.
             The game lasted 00:30:38 (7658 turns).

Leeroy the Slasher (Skeleton Reaver)                Turns: 7658, Time: 00:30:39

Health: -2/56      AC:  8    Str: 17    XL:     9   Next: 3%
Magic:  0/18       EV: 13    Int: 14    God:    Vehumet [***...]
Gold:   453        SH:  1    Dex: 10    Spells: 9/20 levels left
                                        Lives:  0   Deaths: 2

rFire    . . .     SeeInvis .   a - +0 long sword
rCold    + + .     Gourm    .   (no shield)
rNeg     + + +     Faith    .   b - +0 steam dragon scales
rPois    ∞         Spirit   +   t - +0 helmet
rElec    .         Reflect  .   (no cloak)
rCorr    .         Harm     .   D - +0 pair of gloves
MR       +....                  l - +0 pair of boots (curse)
Stlth    ++........             (no amulet)
HPRegen  0.18/turn              B - ring of wizardry
MPRegen  0.16/turn              j - ring of protection from cold

@: no status effects
A: no food or potions, cold resistance 1, deterioration 1, negative energy
resistance 3, powered by death 1, torment resistance, unbreathing, magic shield,
sturdy frame 1, spell healing
a: Renounce Religion


You were on level 8 of the Dungeon.
You worshipped Vehumet.
Vehumet was most pleased with you.
You were not hungry.

You visited 1 branch of the dungeon, and saw 8 of its levels.

You collected 531 gold pieces.
You spent 78 gold pieces at shops.

Inventory:

Hand Weapons
 a - a +0 long sword (weapon)
 e - a +0 falchion
 g - a +0 spear
 h - a +0 blowgun
 i - a +0 short sword
 p - a +0 dagger of holy wrath
 q - a +4 whip
 s - a +0 hand axe
 F - a +0 hand axe of electrocution
 G - a +0 trident
 H - a +0 battleaxe
 I - a +3 falchion
Missiles
 f - 659 bolts
 r - 1636 stones (quivered)
 v - 114 poisoned needles
 x - 650 arrows
 A - 144 tomahawks
 C - 196 sling bullets
Armour
 b - +0 steam dragon scales (worn)
 l - a cursed +0 pair of boots (worn)
 o - a cursed +0 ring mail
 t - a +0 helmet (worn)
 w - a +0 pair of boots
 D - a +0 pair of gloves (worn)
Jewellery
 j - a ring of protection from cold (right hand)
 B - a ring of wizardry (left hand)
Wands
 E - a wand of flame (16)
Scrolls
 c - a scroll of immolation
 k - 3 scrolls of identify
 m - 3 scrolls of remove curse
 n - 4 scrolls of enchant armour {unknown}
 u - 3 scrolls of magic mapping {unknown}
 y - a scroll of enchant weapon {unknown}
 z - a scroll of fog {unknown}
Comestibles
 d - 17 rations {!d}


   Skills:
 + Level 6.3 Fighting
 - Level 7.3 Long Blades
 - Level 3.2 Dodging
 - Level 4.3 Stealth
 - Level 6.0 Spellcasting
 - Level 6.0 Conjurations
 - Level 6.3 Ice Magic


You had 9 spell levels left.
You knew the following spells:

 Your Spells              Type           Power        Failure   Level  Hunger
a - Freeze                Ice            ###...       1%          1    N/A
b - Magic Dart            Conj           ###.         1%          1    N/A
c - Throw Icicle          Conj/Ice       ###.....     1%          4    N/A
d - Ozocubu's Armour      Chrm/Ice       ##......     5%          3    N/A
e - Searing Ray           Conj           ###...       1%          2    N/A

Your spell library contained the following spells:

 Spells                   Type           Power        Failure   Level  Hunger
 Throw Frost              Conj/Ice       ###...       1%          2    N/A
 Sticks to Snakes         Tmut           #.......     10%         2    N/A
 Iskenderun's Battlesphe  Conj/Chrm      ##......     13%         5    N/A
 Summon Ice Beast         Ice/Summ       ##......     16%         4    N/A
 Beastly Appendage        Tmut           Unusable     N/A         1    N/A
 Ice Form                 Ice/Tmut       Unusable     N/A         4    N/A
 Spider Form              Tmut/Pois      Unusable     N/A         3    N/A
 Blade Hands              Tmut           Unusable     N/A         5    N/A

Dungeon Overview and Level Annotations

Branches:
Dungeon (8/12)
 Temple: D:4-7         Lair: D:7-9          Orc: D:8-11

Altars:
Cheibriados
Hepliaklqana
Kikubaaqudgha

Shops:
D:6 ?

Annotations:
D:5 2 runed translucent doors, Ratty's ghost, novice CeAc
D:8 Grum


Innate Abilities, Weirdness & Mutations

You do not eat or drink.
You are immune to poison.
Your flesh is cold resistant. (rC+)
Your body sometimes deteriorates upon taking damage.
You are immune to negative energy. (rN+++)
You regenerate a little health from kills.
You are immune to unholy pain and torment.
You can survive without breathing.
When hurt, damage is shared between your health and your magic reserves.
Your movements are slightly less encumbered by armour. (ER -2)
Casting spells heals you.


Message History

You block the killer bee's attack. The killer bee barely misses you.
You barely miss the killer bee.
The killer bee is heavily wounded.
The killer bee closely misses you. The killer bee barely misses you.
You slash the killer bee!
You kill the killer bee!
Vehumet accepts your kill.
You feel your power returning.
You start resting.
The worker ant is too close now for your liking.
The worker ant twitches its antennae in your direction.
You climb downwards.
Level annotation: Grum The wolf bites you.
* * * LOW HITPOINT WARNING * * *
The wolf closely misses you. x2; The wolf barely misses you.
You block the wolf's attack.
There is a stone staircase leading up here.
The wolf bites you.
You die...

####..#.......##
##.#.......#
#.##.....##
#...#...## ###..
##.....## .....
##......># #.....
#....###'### #......
#.h..#≈≈.≈≈# #...g..
#..@.#≈⌠.⌠≈###......
#...h+.._..'...###..
#..g.#≈⌠.⌠≈#...###..
##...#≈≈.≈≈#...###..
#....###+###........
#......h.h......####
#.........#######
#.........#
#....!....#


You could see Grum and 2 wolves.

Vanquished Creatures
  2 hungry ghosts (D:6)
  4 phantoms
  A black bear (D:7)
  A sky beast (D:4)
  3 ice beasts
  A necrophage (D:7)
  2 bullfrogs (D:6)
  4 scorpions
  A water moccasin skeleton (D:6)
  6 killer bees
  2 jellies
  A howler monkey (D:7)
  A crimson imp (D:6)
  A bullfrog zombie (D:5)
  2 hounds
  An iron imp (D:8)
  Terence (D:2)
  An orc wizard (D:6)
  4 worker ants
  A worker ant zombie (D:6)
  Robin (D:2)
  4 adders
  2 shadow imps
  4 oozes
  An adder skeleton (D:7)
  2 worms
  A dart slug (D:1)
  4 leopard geckos
  8 orcs
  A ball python (D:5)
  4 bats (D:1)
  3 giant cockroaches
  12 goblins
  12 hobgoblins
  11 jackals
  17 kobolds
  2 quokkas (D:6)
  2 frilled lizards (D:1)
  A quokka zombie (D:5)
  5 rats
137 creatures vanquished.

Notes
Turn   | Place    | Note
-------+----------+-------------------------------------------
     0 | D:1      | Leeroy the Skeleton Reaver began the quest for the Orb.
     0 | D:1      | Reached XP level 1. HP: 14/14 MP: 4/4
    31 | D:1      | Reached XP level 2. HP: 9/19 MP: 4/6
    36 | D:1      | Reached skill level 4 in Long Blades
   108 | D:1      | Reached * piety under Vehumet
   108 | D:1      | Offered knowledge of Freeze by Vehumet.
   140 | D:1      | Slain by a hobgoblin
   141 | D:1      | Reached XP level 1. HP: 0/14 MP: 0/4
   189 | D:1      | Reached XP level 2. HP: 17/19 MP: 6/6
   497 | D:1      | Learned a level 1 spell: Freeze
   612 | D:1      | Reached skill level 5 in Long Blades
   653 | D:1      | Reached XP level 3. HP: 23/23 MP: 7/7
   935 | D:2      | Noticed Terence
  1027 | D:2      | Killed Terence
  1027 | D:2      | Reached XP level 4. HP: 15/28 MP: 2/8
  1139 | D:2      | Noticed Robin
  1150 | D:2      | Killed Robin
  1150 | D:2      | Reached skill level 6 in Long Blades
  1240 | D:2      | Reached ** piety under Vehumet
  1241 | D:2      | Offered knowledge of Magic Dart by Vehumet.
  1285 | D:2      | Learned a level 1 spell: Magic Dart
  1796 | D:2      | Found an ancient bone altar of Kikubaaqudgha.
  2174 | D:3      | Reached skill level 1 in Conjurations
  2174 | D:3      | Reached XP level 5. HP: 32/32 MP: 7/10
  2767 | D:4      | Noticed a sky beast
  2854 | D:4      | Killed a sky beast
  2854 | D:4      | Reached skill level 5 in Spellcasting
  3136 | D:4      | Gained mutation: You regenerate a little health from kills.
                  | [Skeleton growth]
  3136 | D:4      | Reached XP level 6. HP: 37/37 MP: 12/15
  3177 | D:5      | Entered Level 5 of the Dungeon
  3190 | D:5      | Reached skill level 1 in Stealth
  3638 | D:5      | Noticed an ice beast
  3672 | D:4      | Killed an ice beast
  3816 | D:5      | Reached XP level 7. HP: 36/41 MP: 3/16
  4043 | D:5      | Found a runed translucent door.
  4054 | D:5      | Noticed Ratty's ghost (novice CeAc)
  4083 | D:5      | Found a runed translucent door.
  4124 | D:5      | Slain by a killer bee
  4125 | D:5      | Reached XP level 6. HP: -4/37 MP: 0/15
  4704 | D:5      | Reached skill level 5 in Conjurations
  4946 | D:5      | Reached XP level 7. HP: 28/41 MP: 11/16
  5054 | D:5      | Learned a level 4 spell: Throw Icicle
  5058 | D:5      | Learned a level 3 spell: Ozocubu's Armour
  5243 | D:5      | Reached skill level 1 in Ice Magic
  5496 | D:6      | Found Wicod's Magic Scroll Shop.
  5504 | D:6      | Bought a scroll of teleportation for 39 gold pieces
  5504 | D:6      | Bought a scroll of remove curse for 39 gold pieces
  5520 | D:6      | Offered knowledge of Searing Ray by Vehumet.
  5525 | D:6      | Learned a level 2 spell: Searing Ray
  5537 | D:6      | Noticed a hippogriff
  5659 | D:6      | Noticed a hungry ghost
  5666 | D:6      | Killed a hungry ghost
  5793 | D:6      | Reached skill level 5 in Ice Magic
  5866 | D:6      | Reached XP level 8. HP: 29/46 MP: 5/17
  5961 | D:6      | Noticed a troll
  6632 | D:6      | Reached skill level 7 in Long Blades
  7076 | D:6      | Noticed a purple ugly thing
  7188 | D:7      | Reached *** piety under Vehumet
  7206 | D:7      | Reached skill level 5 in Fighting
  7323 | D:6      | You fall into a shaft and drop 2 floors!
  7537 | D:8      | Found a hazy altar of Hepliaklqana.
  7595 | D:8      | Found a snail-covered altar of Cheibriados.
  7611 | D:8      | Noticed Grum
  7646 | D:7      | Reached XP level 9. HP: 6/55 MP: 3/18
  7646 | D:7      | HP: 1/55 [killer bee (3)]
  7657 | D:8      | HP: 2/56 [wolf[Grum] (5)]
  7658 | D:8      | Slain by a wolf

Skill      XL: |  1  2  3  4  5  6  7  8 |
---------------+-------------------------+-----
Long Blades    | 5 6 7 |  7.3
Conjurations   | 1 5 6 |  6.0
Spellcasting   | 6 |  6.0
Stealth        | 4 |  4.3
Ice Magic      | 5 6 |  6.3
Fighting       | 6 |  6.3
Dodging        | |  3.2

Action                   |  1- 3 |  4- 6 |  7- 9 || total
-------------------------+-------+-------+-------++-------
Melee: Long sword        |   162 |       |    42 ||   204
       Whip              |     7 |   241 |   113 ||   361
       Hand axe          |       |       |    83 ||    83
       Short sword       |       |       |     1 ||     1
Throw: Stone             |       |     2 |       ||     2
       Throwing net      |       |     1 |       ||     1
 Cast: Freeze            |     2 |    15 |    13 ||    30
       Magic Dart        |       |    76 |     8 ||    84
       Searing Ray       |       |       |     8 ||     8
       Throw Icicle      |       |       |     2 ||     2
       Ozocubu's Armour  |       |       |     3 ||     3
Evoke: Wand              |       |       |     2 ||     2
  Use: Scroll            |       |     1 |     5 ||     6
 Stab: Sleeping          |     1 |     1 |     2 ||     4
       Held in net/web   |       |     1 |       ||     1
Armor: Steam dragon scal |    78 |    87 |   113 ||   278
Dodge: Dodged            |   160 |   171 |   233 ||   564
Block: Other             |     2 |       |     7 ||     9
